Map: Triton LE

Players

SpeCial - Winner!

  • Race: Terran Terran
  • League: Master
  • Spawn Location: 11:00

Lobo

  • Race: Protoss Protoss
  • Spawn Location: 5:00

Event: NationWars 2019

VOD

Have the link to the VOD?

Description

Time

  • Played on: Oct. 5, 2019, 2:23 p.m.
  • Length: 8:47
Show
View Real Time Build Order
Export as new Build Order

SpeCial Terran - Winner!

Build Orders: Reaper Expand 

Get SALT Encoding   

  12  0:00  SCV  
  13  0:12  SCV  
  14  0:18  Supply Depot  
  14  0:24  SCV  
  15  0:40  SCV  
  15  0:42  Barracks  
  16  0:46  Refinery  
  16  0:52  SCV  
  17  1:04  SCV  
  18  1:16  SCV  
  19  1:29  Reaper  
  19  1:30  Orbital Command  
  20  1:40  Command Center  
  20  1:55  Supply Depot  
  20  1:56  SCV  
  21  2:04  Bunker  
  21  2:08  Marine  
  21  2:10  SCV  
  21  2:12  Factory  
  23  2:23  SCV  
  23  2:26  Refinery  
  23  2:28  Marine  
  25  2:35  SCV  
  26  2:41  Command Center  
  26  2:47  SCV  
  27  2:51  Barracks Reactor  
  27  2:58  Starport  
  27  3:01  Bunker  
  27  3:02  Factory Tech Lab  
  27  3:04  SCV  
  28  3:20  Cyclone  
  28  3:21  Supply Depot  
  31  3:52  SCV, Viking  
  34  3:55  Marine  
  34  3:57  Siege Tank  
  38  4:04  SCV  
  38  4:36  Supply Depot  
  39  4:45  Marine  
  39  4:47  SCV  
  39  4:58  Widow Mine  
  41  5:12  SCV  
  42  5:16  Marine  
  42  5:33  Widow Mine  
  42  5:34  Marine  
  45  5:50  SCV  
  45  5:53  Orbital Command  
  45  5:55  Factory Tech Lab  
  46  6:02  SCV  
  46  6:03  Marine  
  39  6:21  Marine  
  40  6:31  Siege Tank  
  43  6:33  Orbital Command  
  43  6:39  Marine  
  43  6:53  Viking  
  45  6:59  SCV  
  43  7:01  Marine  
  41  7:12  Widow Mine  
  41  7:14  SCV x2  
  45  7:19  Marine  
  46  7:26  SCV  
  46  7:31  SCV  
  47  7:37  Marine  
  47  7:38  SCV  
  43  7:47  Widow Mine  
  43  7:50  SCV  
  43  7:51  SCV  
  47  7:55  Marine  
  47  7:56  Refinery  
  48  8:01  Orbital Command  
  48  8:10  SCV  
  47  8:14  Barracks Reactor  
  47  8:16  Factory Tech Lab  
  47  8:22  SCV  
  47  8:24  Bunker  
  48  8:28  SCV  
  48  8:34  SCV, Supply Depot  
Show
View Real Time Build Order
Export as new Build Order

Lobo Protoss 

Build Orders:  

Get SALT Encoding   

  12  0:09  Pylon  
  12  0:13  Probe  
  13  0:27  Gateway  
  13  0:30  Probe (Chrono Boost)  
  14  0:40  Probe (Chrono Boost), Assimilator  
  15  0:44  Probe (Chrono Boost)  
  16  0:50  Assimilator  
  16  0:56  Probe  
  17  1:08  Probe  
  18  1:14  Cybernetics Core  
  18  1:20  Probe, Zealot  
  21  1:29  Pylon  
  21  1:50  Robotics Facility  
  21  1:53  Adept (Chrono Boost)  
  23  2:05  Warp Gate  
  23  2:12  Pylon  
  22  2:30  Stalker  
  24  2:40  Immortal (Chrono Boost)  
  28  2:47  Shield Battery  
  28  2:48  Shield Battery  
  28  3:11  Warp Prism (Chrono Boost)  
  30  3:20  Shield Battery  
  30  3:49  Shield Battery x2  
  30  3:52  Pylon  
  27  4:04  Stalker  
  28  4:22  Gateway  
  28  4:34  Stalker  
  28  4:46  Probe  
  29  5:00  Stalker  
  29  5:12  Immortal (Chrono Boost)  
  31  5:35  Zealot x2  
  35  5:57  Stalker x2  
  32  6:19  Immortal (Chrono Boost)  
  32  6:23  Stalker  
  38  6:28  Pylon  
  38  6:48  Stalker  
  38  6:49  Stalker  
  36  7:16  Zealot x2  
  32  7:41  Warp Prism (Chrono Boost)  
  20  7:57  Stalker  
  20  7:58  Stalker  
  24  8:03  Probe  
  25  8:21  Zealot x2  
Tags
 
Add a new tag
Caveats
  • Supply blocks, unpowered buildings, or Contaminate may cause inaccurate times.
  • Supply counts are checked every 10 seconds.